AoeStats
← [GDL] Maldito Pantoja

African Clearing

504943536Analyzed
4v4 RM · 26d ago on Sep 7, 2026· 54m 1s· 8 players
Game mode
Random Map
Map size
Large (8 player)
Population
200
Speed
Normal
Resources
Standard
Victory
Conquest
Starting age
Dark Age
Ending age
Imperial Age
RankedLock teamsTeams togetherTeam positionsShared explorationLock speedFull tech treeHidden civsTurbo modeCheats
Victory
Defeat
🇲🇽 Berbers · Mexico
1398
+13
🇺🇸 Georgians · United States
1350
+15
1334
+16
🇲🇽 Huns · Mexico
1302
+18
🇦🇷 Dravidians · Argentina
1360
-16
🇦🇷 Persians · Argentina
1346
-16
🇦🇷 Maya · Argentina
1320
-15
🇦🇷 Spanish · Argentina
1319
-15
| ArCas | Cristiano Onagro
4:02 Loom
13:04 Feudal Age
17:19 Castle Age
15:29 Double-Bit Axe
18:35 Gold Mining
20:25 Wheelbarrow
20:54 Fletching
22:06 Padded Archer Armor
22:57 Bodkin Arrow
28:03 Stone Mining
28:31 Hand Cart
28:34 Bow Saw
28:33 Horse Collar
29:51 Leather Archer Armor
29:30 Town Watch
31:30 Ballistics
41:10 Imperial Age
42:49 Heavy Plow
43:51 Two-Man Saw
43:30 Conscription
43:15 Hul'che Javelineers
45:49 Chemistry
44:13 Elite Skirmisher
45:50 Thumb Ring
48:14 Ring Archer Armor
47:48 Bracer
48:51 Squires
50:04 Ring Archer Armor
51:53 Forging
51:44 Scale Mail Armor
53:10 Hoardings
53:42 Stone Shaft Mining
52:41 Pikeman
all peacocks are the same
10:57 Loom
14:04 Feudal Age
13:22 Loom
18:10 Castle Age
17:36 Fletching
17:52 Double-Bit Axe
21:28 Bodkin Arrow
27:19 Bloodlines
36:27 Husbandry
37:50 Padded Archer Armor
43:36 Horse Collar
47:27 Imperial Age
46:41 Wheelbarrow
47:06 Bow Saw
47:57 Stone Mining
48:16 Heavy Plow
50:08 Ballistics
51:33 Conscription
50:45 Heavy Cavalry Archer
52:28 Bracer
[GDL] Maldito Pantoja
7:31 Loom
13:42 Feudal Age
17:56 Castle Age
27:49 Fletching
29:52 Double-Bit Axe
30:21 Padded Archer Armor
34:35 Thumb Ring
34:46 Leather Archer Armor
37:07 Marauders
37:34 Scale Barding Armor
37:15 Horse Collar
38:54 Husbandry
40:40 Forging
42:31 Wheelbarrow
46:45 Imperial Age
44:33 Bloodlines
45:34 Chain Barding Armor
45:28 Gold Mining
47:35 Bodkin Arrow
49:56 Conscription
50:34 Bow Saw
50:29 Heavy Plow
51:31 Bracer
53:46 Hand Cart
53:17 Town Watch
54:25 Iron Casting
54:26 Plate Barding Armor
JR | cristopher7gc
4:46 Loom
12:13 Feudal Age
12:46 Double-Bit Axe
22:56 Castle Age
25:20 Town Watch
32:24 Fletching
33:02 Horse Collar
33:29 Bodkin Arrow
36:07 Padded Archer Armor
38:00 Wheelbarrow
37:42 Leather Archer Armor
39:32 Bow Saw
40:17 Bloodlines
40:34 Heavy Plow
41:15 Husbandry
41:28 Forging
41:23 Scale Barding Armor
45:23 Imperial Age
44:03 Iron Casting
44:17 Chain Barding Armor
43:20 Light Cavalry
46:25 Bracer
45:47 Cavalier
47:01 Capped Ram
48:38 Hand Cart
48:29 Hussar
50:38 Plate Barding Armor
51:11 Conscription
53:06 Blast Furnace
52:37 Ring Archer Armor
53:09 Chemistry
52:05 Gold Mining
52:01 Elite Camel Archer
SvS CHEO
9:20 Loom
12:07 Feudal Age
13:56 Fletching
15:25 Padded Archer Armor
21:58 Double-Bit Axe
21:55 Horse Collar
23:46 Wheelbarrow
27:36 Scale Mail Armor
27:47 Forging
27:45 Gold Mining
32:47 Castle Age
35:17 Elite Skirmisher
37:56 Pikeman
43:46 Bodkin Arrow
51:43 Bow Saw
52:11 Heavy Plow
54:48 Hand Cart
SvS Smolf
5:45 Loom
13:49 Feudal Age
17:22 Castle Age
20:04 Fletching
21:34 Bodkin Arrow
23:42 Ballistics
23:59 Padded Archer Armor
46:59 Leather Archer Armor
52:38 Imperial Age
50:45 Pikeman
51:27 Squires
51:28 Scale Mail Armor
SvS Sabach
13:46 Feudal Age
14:43 Loom
18:13 Castle Age
30:29 Padded Archer Armor
31:20 Fletching
43:16 Double-Bit Axe
45:11 Wheelbarrow
44:53 Horse Collar
SvS Zaoh
3:33 Loom
13:53 Feudal Age
14:54 Town Watch
15:05 Double-Bit Axe
17:51 Wheelbarrow
22:02 Castle Age
23:28 Bloodlines
23:21 Husbandry
23:28 Scale Barding Armor
29:49 Horse Collar
37:15 Chain Barding Armor
37:21 Bow Saw
38:20 Gold Mining
43:25 Forging
44:20 Hand Cart
44:25 Heavy Plow
46:42 Iron Casting
49:20 Imperial Age
50:14 Plate Barding Armor
49:06 Cavalier
50:53 Blast Furnace
50:51 Gold Shaft Mining
50:38 Savar
52:37 Conscription
53:00 Light Cavalry
Connection lost

Rejoining the realm…

Still unreachable

The connection could not be restored.

Session expired

The server has moved on; the page needs a fresh start.